TOP OF THE 1ST |
Northern Virginia Rainbow Mermaids batting - Pitching for Brooklyn Dodgers : RHP Russ Horne
|
Pitching: RHP Russ Horne
|
|
Batting: LHB Francisco Ornelas
|
0-0: Called Strike 0-1: Ball 1-1: Ground out 4-3 (Groundball, 4M)
|
Batting: RHB Brett Callison
|
0-0: Ball 1-0: Ball 2-0: Ball 3-0: Called Strike 3-1: Base on Balls
|
Batting: LHB Rafael Sánchez
|
0-0: Ball 1-0: Ball 2-0: DOUBLE (Line Drive, 89D) Brett Callison to third Runner from 3rd tries for Home, SAFE, throw made at trailing runner, OUT at third!
|
Pitching: RHP John Bailey
|
|
Batting: LHB Roberto Sánchez
|
0-0: Called Strike 0-1: Foul Ball, location: 2F 0-2: Ground out U3 (Groundball, 34)
|
Top of the 1st over - 1 run, 1 hit, 0 errors, 0 left on base; Northern Virginia 1 - Brooklyn 0 |
BOTTOM OF THE 1ST |
Brooklyn Dodgers batting - Pitching for Northern Virginia Rainbow Mermaids : RHP Ángel Navarro
|
Pitching: RHP Ángel Navarro
|
|
Batting: RHB Vincent Crane
|
0-0: Ball 1-0: Foul Ball, location: 2F 1-1: Ground out 6-3 (Groundball, 6)
|
Batting: LHB Mysterious Walker
|
0-0: Ball 1-0: Ball 2-0: Called Strike 2-1: Fly out, F7 (Flyball, 78M)
|
Batting: RHB Oliver Aranda
|
0-0: Ball 1-0: Ball 2-0: Foul Ball, location: 2F 2-1: Ball 3-1: Foul Ball, location: 2F 3-2: Fly out, F6 (Line Drive, 6)
|
Bottom of the 1st over - 0 runs, 0 hits, 0 errors, 0 left on base; Northern Virginia 1 - Brooklyn 0 |
TOP OF THE 2ND |
Northern Virginia Rainbow Mermaids batting - Pitching for Brooklyn Dodgers : RHP John Bailey
|
Batting: RHB Arlen Joysey
|
0-0: Foul Ball, location: 2F 0-1: Called Strike 0-2: Strikes out swinging
|
Batting: LHB Munemori Ohara
|
0-0: Foul Ball, location: 2F 0-1: Ball 1-1: Ball 2-1: Foul Ball, location: 2F 2-2: Ball 3-2: Strikes out swinging
|
Batting: RHB Alfredo Pizarro
|
0-0: Called Strike 0-1: Ball 1-1: SINGLE (Groundball, 56D)
|
Batting: LHB Chia-ch'ing Dodman
|
0-0: Ball 1-0: Swinging Strike 1-1: Called Strike 1-2: Strikes out swinging
|
Top of the 2nd over - 0 runs, 1 hit, 0 errors, 1 left on base; Northern Virginia 1 - Brooklyn 0 |
BOTTOM OF THE 2ND |
Brooklyn Dodgers batting - Pitching for Northern Virginia Rainbow Mermaids : RHP Ángel Navarro
|
Batting: SHB Juan Rivas
|
0-0: Ball 1-0: Ball 2-0: Ball 3-0: Fly out, F7 (Line Drive, 7LM)
|
Batting: LHB Avon Barksdale
|
0-0: Foul Ball, location: 2F 0-1: Ball 1-1: Foul Ball, location: 2F 1-2: Ground out 4-3 (Groundball, 4S)
|
Batting: LHB Ki-tak Im
|
0-0: Called Strike 0-1: Ball 1-1: Called Strike 1-2: SOLO HOME RUN (Line Drive, 9LD), Distance : 366 ft
|
Batting: RHB Gustavo Mateo
|
0-0: Ball 1-0: Swinging Strike 1-1: Foul Ball, location: 2F 1-2: Ball 2-2: Foul Ball, location: 2F 2-2: Foul Ball, location: 2F 2-2: Strikes out swinging
|
Bottom of the 2nd over - 1 run, 1 hit, 0 errors, 0 left on base; Northern Virginia 1 - Brooklyn 1 |
TOP OF THE 3RD |
Northern Virginia Rainbow Mermaids batting - Pitching for Brooklyn Dodgers : RHP John Bailey
|
Batting: RHB Lionel McCloud
|
0-0: Called Strike 0-1: Ball 1-1: Ball 2-1: Called Strike 2-2: Ball 3-2: Strikes out looking
|
Batting: LHB Francisco Ornelas
|
0-0: Foul Ball, location: 2F 0-1: Called Strike 0-2: Strikes out swinging
|
Batting: RHB Brett Callison
|
0-0: Ball 1-0: Foul Ball, location: 2F 1-1: SINGLE (Flyball, 89M)
|
Batting: LHB Rafael Sánchez
|
0-0: Called Strike 0-1: Swinging Strike 0-2: Ball Brett Callison steals 2nd base 1-2: Fly out, F5 (Popup, 56S)
|
Top of the 3rd over - 0 runs, 1 hit, 0 errors, 1 left on base; Northern Virginia 1 - Brooklyn 1 |
BOTTOM OF THE 3RD |
Brooklyn Dodgers batting - Pitching for Northern Virginia Rainbow Mermaids : RHP Ángel Navarro
|
Batting: RHB Adrian Rodgers
|
0-0: Ball 1-0: Foul Ball, location: 2F 1-1: Called Strike 1-2: Ball 2-2: Ball 3-2: Foul Ball, location: 2F 3-2: Base on Balls
|
Batting: RHB Gerald Clark
|
0-0: Ball 1-0: Grounds into double play, 6-4-3 (Groundball, 56)
|
Batting: RHB Vincent Crane
|
0-0: Ball 1-0: Ball 2-0: Called Strike 2-1: Ball 3-1: Base on Balls
|
Batting: LHB Mysterious Walker
|
0-0: Ball 1-0: Swinging Strike 1-1: Ball 2-1: Foul Ball, location: 2F 2-2: Strikes out looking
|
Bottom of the 3rd over - 0 runs, 0 hits, 0 errors, 1 left on base; Northern Virginia 1 - Brooklyn 1 |
TOP OF THE 4TH |
Northern Virginia Rainbow Mermaids batting - Pitching for Brooklyn Dodgers : RHP John Bailey
|
Batting: LHB Roberto Sánchez
|
0-0: Called Strike 0-1: Ball 1-1: Foul Ball, location: 2F 1-2: Strikes out swinging
|
Batting: RHB Arlen Joysey
|
0-0: Swinging Strike 0-1: Ground out U3 (Groundball, 34)
|
Batting: LHB Munemori Ohara
|
0-0: Fly out, F8 (Line Drive, 78M)
|
Top of the 4th over - 0 runs, 0 hits, 0 errors, 0 left on base; Northern Virginia 1 - Brooklyn 1 |
BOTTOM OF THE 4TH |
Brooklyn Dodgers batting - Pitching for Northern Virginia Rainbow Mermaids : RHP Ángel Navarro
|
Batting: RHB Oliver Aranda
|
0-0: Called Strike 0-1: Ball 1-1: Foul Ball, location: 2F 1-2: Foul Ball, location: 2F 1-2: Ball 2-2: Strikes out swinging
|
Batting: SHB Juan Rivas
|
0-0: Swinging Strike 0-1: Foul Ball, location: 2F 0-2: Ball 1-2: Ball 2-2: Strikes out swinging, 2-3 out at first.
|
Batting: LHB Avon Barksdale
|
0-0: Ball 1-0: Ball 2-0: Ball 3-0: Base on Balls
|
Batting: LHB Ki-tak Im
|
0-0: Ball 1-0: Foul Ball, location: 2F 1-1: Ball 2-1: Ball 3-1: Foul Ball, location: 2F 3-2: Base on Balls Avon Barksdale to second
|
Batting: RHB Gustavo Mateo
|
0-0: Called Strike 0-1: Ball 1-1: Ball 2-1: Ball 3-1: SINGLE (Groundball, 56D) Avon Barksdale to third Ki-tak Im to second Runner from 3rd tries for Home, throw and OUT!
|
Bottom of the 4th over - 0 runs, 1 hit, 0 errors, 2 left on base; Northern Virginia 1 - Brooklyn 1 |
TOP OF THE 5TH |
Northern Virginia Rainbow Mermaids batting - Pitching for Brooklyn Dodgers : RHP John Bailey
|
Batting: RHB Alfredo Pizarro
|
0-0: Ball 1-0: Swinging Strike 1-1: SINGLE (Groundball, 5D)
|
Batting: LHB Chia-ch'ing Dodman
|
0-0: Ball 1-0: Sac Bunt - play at first, batter safe! Alfredo Pizarro to second
|
Batting: RHB Lionel McCloud
|
0-0: Foul Ball, location: 2F 0-1: Called Strike 0-2: Ball 1-2: Strikes out swinging
|
Batting: LHB Francisco Ornelas
|
0-0: Ball 1-0: Ball 2-0: Foul Ball, location: 2F 2-1: Foul Ball, location: 2F 2-2: Fly out, F9 (Flyball, 9)
|
Batting: RHB Brett Callison
|
0-0: Called Strike 0-1: Ball 1-1: Ball 2-1: Foul Ball, location: 2F 2-2: Ball 3-2: Foul Ball, location: 2F 3-2: DOUBLE (Flyball, 8LXD) Alfredo Pizarro scores Chia-ch'ing Dodman to third Chia-ch'ing Dodman scores
|
Batting: LHB Rafael Sánchez
|
0-0: Called Strike 0-1: SINGLE (Line Drive, 8LS) Brett Callison to third Runner from 3rd tries for Home, SAFE, no throw
|
Batting: LHB Roberto Sánchez
|
0-0: Ball 1-0: Foul Ball, location: 2F 1-1: Called Strike 1-2: Strikes out swinging
|
Top of the 5th over - 3 runs, 4 hits, 0 errors, 1 left on base; Northern Virginia 4 - Brooklyn 1 |
BOTTOM OF THE 5TH |
Brooklyn Dodgers batting - Pitching for Northern Virginia Rainbow Mermaids : RHP Ángel Navarro
|
Batting: RHB Adrian Rodgers
|
0-0: Ball 1-0: SINGLE (Groundball, 56D)
|
Batting: RHB Gerald Clark
|
0-0: Ball 1-0: Ball 2-0: Called Strike 2-1: Fly out, F6 (Line Drive, 6)
|
Batting: RHB Vincent Crane
|
0-0: Ball 1-0: Ball 2-0: Swinging Strike 2-1: Ball 3-1: Foul Ball, location: 2F 3-2: Foul Ball, location: 2F 3-2: Strikes out looking
|
Pitching: LHP Javier Desdin
|
|
Batting: LHB Mysterious Walker
|
0-0: Ball 1-0: Ball 2-0: Foul Ball, location: 2F 2-1: Ball 3-1: Called Strike 3-2: Strikes out looking
|
Bottom of the 5th over - 0 runs, 1 hit, 0 errors, 1 left on base; Northern Virginia 4 - Brooklyn 1 |
TOP OF THE 6TH |
Northern Virginia Rainbow Mermaids batting - Pitching for Brooklyn Dodgers : RHP John Bailey
|
Pitching: RHP Barry Jones
|
|
Batting: RHB Arlen Joysey
|
0-0: Swinging Strike 0-1: DOUBLE (Flyball, 8RXD)
|
Batting: LHB Munemori Ohara
|
0-0: Called Strike 0-1: Ball 1-1: Swinging Strike 1-2: Foul Ball, location: 2F 1-2: Ball 2-2: 2-RUN HOME RUN (Flyball, 9D), Distance : 381 ft
|
Batting: RHB Alfredo Pizarro
|
0-0: Ball 1-0: Foul Ball, location: 2F 1-1: Ball 2-1: Fly out, F7 (Flyball, 7D)
|
Batting: LHB Chia-ch'ing Dodman
|
0-0: Called Strike 0-1: Ground out 4-3 (Groundball, 4)
|
Batting: RHB Lionel McCloud
|
0-0: Ball 1-0: Ball 2-0: Called Strike 2-1: Fly out, F7 (Flyball, 78M)
|
Top of the 6th over - 2 runs, 2 hits, 0 errors, 0 left on base; Northern Virginia 6 - Brooklyn 1 |
BOTTOM OF THE 6TH |
Brooklyn Dodgers batting - Pitching for Northern Virginia Rainbow Mermaids : LHP Javier Desdin
|
Batting: RHB Oliver Aranda
|
0-0: Swinging Strike 0-1: Called Strike 0-2: Ball 1-2: Foul Ball, location: 2F 1-2: SINGLE (Line Drive, 56)
|
Batting: SHB Juan Rivas
|
0-0: Ball Wild Pitch! Oliver Aranda to second 1-0: Ball 2-0: Called Strike 2-1: Swinging Strike 2-2: Ball 3-2: SINGLE (Groundball, 4MD) Oliver Aranda to third Runner from 3rd tries for Home, SAFE, no throw
|
Batting: LHB Avon Barksdale
|
0-0: Foul Ball, location: 2F 0-1: Ball 1-1: Swinging Strike 1-2: Grounds into double play, 6-4-3 (Groundball, 6M)
|
Batting: LHB Ki-tak Im
|
0-0: Ground out U3 (Groundball, 3D)
|
Bottom of the 6th over - 1 run, 2 hits, 0 errors, 0 left on base; Northern Virginia 6 - Brooklyn 2 |
TOP OF THE 7TH |
Northern Virginia Rainbow Mermaids batting - Pitching for Brooklyn Dodgers : RHP Barry Jones
|
Batting: LHB Francisco Ornelas
|
0-0: Swinging Strike 0-1: Ball 1-1: Ball 2-1: Swinging Strike 2-2: Ball 3-2: Base on Balls
|
Batting: RHB Brett Callison
|
0-0: Swinging Strike 0-1: Foul Ball, location: 2F 0-2: Grounds into double play, 6-4-3 (Groundball, 6)
|
Batting: LHB Rafael Sánchez
|
0-0: Called Strike 0-1: Called Strike 0-2: Foul Ball, location: 2F 0-2: Foul Ball, location: 2F 0-2: Ball 1-2: Fly out, F1 (Line Drive, 13)
|
Top of the 7th over - 0 runs, 0 hits, 0 errors, 0 left on base; Northern Virginia 6 - Brooklyn 2 |
BOTTOM OF THE 7TH |
Brooklyn Dodgers batting - Pitching for Northern Virginia Rainbow Mermaids : LHP Javier Desdin
|
Batting: RHB Gustavo Mateo
|
0-0: Called Strike 0-1: Foul Ball, location: 2F 0-2: Ball 1-2: Ball 2-2: Ground out 6-3 (Groundball, 6)
|
Batting: RHB Adrian Rodgers
|
0-0: Ball 1-0: Ground out 6-3 (Groundball, 6)
|
Batting: RHB Gerald Clark
|
0-0: Ball 1-0: Foul Ball, location: 2F 1-1: Called Strike 1-2: SINGLE (Groundball, 56) (infield hit)
|
Batting: RHB Vincent Crane
|
0-0: Ball 1-0: Called Strike 1-1: Foul Ball, location: 2F 1-2: Foul Ball, location: 2F 1-2: Ball 2-2: Strikes out swinging
|
Bottom of the 7th over - 0 runs, 1 hit, 0 errors, 1 left on base; Northern Virginia 6 - Brooklyn 2 |
TOP OF THE 8TH |
Northern Virginia Rainbow Mermaids batting - Pitching for Brooklyn Dodgers : RHP Barry Jones
|
Batting: LHB Roberto Sánchez
|
0-0: Called Strike 0-1: Swinging Strike 0-2: Ball 1-2: Foul Ball, location: 2F 1-2: Strikes out swinging
|
Batting: RHB Arlen Joysey
|
0-0: Called Strike 0-1: Ball 1-1: Ball 2-1: Ground out 6-3 (Groundball, 6)
|
Batting: LHB Munemori Ohara
|
0-0: Fly out, F6 (Line Drive, 6)
|
Top of the 8th over - 0 runs, 0 hits, 0 errors, 0 left on base; Northern Virginia 6 - Brooklyn 2 |
BOTTOM OF THE 8TH |
Brooklyn Dodgers batting - Pitching for Northern Virginia Rainbow Mermaids : LHP Javier Desdin
|
Batting: LHB Mysterious Walker
|
0-0: Ball 1-0: Foul Ball, location: 2F 1-1: Ball 2-1: Ball 3-1: Swinging Strike 3-2: Foul Ball, location: 2F 3-2: Ground out 3-1 (Groundball, 34S)
|
Batting: RHB Oliver Aranda
|
0-0: Ball 1-0: Fly out, F6 (Popup, 6)
|
Batting: SHB Juan Rivas
|
0-0: Ball 1-0: SOLO HOME RUN (Flyball, 7D), Distance : 391 ft
|
Batting: LHB Avon Barksdale
|
0-0: Ball 1-0: SINGLE (Groundball, 3D)
|
Pitching: RHP David Hudson
|
|
Batting: LHB Ki-tak Im
|
0-0: Called Strike 0-1: Ball 1-1: Foul Ball, location: 2F 1-2: Foul Ball, location: 2F 1-2: Foul Ball, location: 2F 1-2: Foul Ball, location: 2F 1-2: SINGLE (Groundball, 34) (infield hit) Avon Barksdale to second
|
Batting: RHB Gustavo Mateo
|
0-0: Called Strike 0-1: Ball 1-1: Called Strike 1-2: Fielders Choice at 2nd, 5-4 (Groundball, 5L)
|
Bottom of the 8th over - 1 run, 3 hits, 0 errors, 2 left on base; Northern Virginia 6 - Brooklyn 3 |
TOP OF THE 9TH |
Northern Virginia Rainbow Mermaids batting - Pitching for Brooklyn Dodgers : RHP Barry Jones
|
Batting: RHB Alfredo Pizarro
|
0-0: Called Strike 0-1: Ball 1-1: Called Strike 1-2: Foul Ball, location: 2F 1-2: Foul Ball, location: 2F 1-2: Ground out 6-3 (Groundball, 6M)
|
Pitching: RHP Scott Woodger
|
|
Batting: LHB Chia-ch'ing Dodman
|
0-0: Swinging Strike 0-1: Ball 1-1: Ground out U3 (Groundball, 3S)
|
Batting: RHB Lionel McCloud
|
0-0: Foul Ball, location: 2F 0-1: Ground out 5-3 (Groundball, 56)
|
Top of the 9th over - 0 runs, 0 hits, 0 errors, 0 left on base; Northern Virginia 6 - Brooklyn 3 |
BOTTOM OF THE 9TH |
Brooklyn Dodgers batting - Pitching for Northern Virginia Rainbow Mermaids : RHP David Hudson
|
Batting: RHB Adrian Rodgers
|
0-0: Hit by Pitch
|
Batting: RHB Gerald Clark
|
0-0: DOUBLE (Line Drive, 7LM) Adrian Rodgers to third
|
Batting: RHB Vincent Crane
|
0-0: SINGLE (Line Drive, 8RS) Adrian Rodgers scores Gerald Clark to third
|
Batting: LHB Mysterious Walker
|
0-0: Ball 1-0: Ball 2-0: Ball 3-0: Base on Balls Vincent Crane to second
|
Batting: RHB Oliver Aranda
|
0-0: Swinging Strike 0-1: Ball 1-1: Ball 2-1: Foul Ball, location: 2F 2-2: Strikes out swinging
|
Batting: SHB Juan Rivas
|
0-0: Called Strike 0-1: Ball 1-1: Called Strike 1-2: Fly out, F8 (Line Drive, 8LM)
|
Batting: LHB Avon Barksdale
|
0-0: Ball 1-0: Ball 2-0: SINGLE (Line Drive, 4MD) Gerald Clark scores Vincent Crane to third Mysterious Walker to second Runner from 3rd tries for Home, SAFE, no throw
|
Batting: LHB Ki-tak Im
|
0-0: Foul Ball, location: 2F 0-1: Foul Ball, location: 2F 0-2: Ball 1-2: Ground out U3 (Groundball, 3L)
|
Bottom of the 9th over - 3 runs, 3 hits, 0 errors, 2 left on base; Northern Virginia 6 - Brooklyn 6 |
TOP OF THE 10TH |
Northern Virginia Rainbow Mermaids batting - Pitching for Brooklyn Dodgers : RHP Scott Woodger
|
Pitching: LHP Sjaak Bonne
|
|
Pinch Hitting: RHB Bernardo Herrera
|
0-0: Ball 1-0: Swinging Strike 1-1: Ball 2-1: Ball 3-1: Base on Balls
|
Batting: RHB Brett Callison
|
0-0: Called Strike 0-1: Ball 1-1: Ball 2-1: Foul Ball, location: 2F 2-2: Ground out 5-3 (Groundball, 56S) Bernardo Herrera to second
|
Pinch Hitting: RHB Ed Adams
|
0-0: Intentional Walk
|
Pinch Hitting: RHB Ju-chan Pak
|
0-0: Ball 1-0: Fly out, F7 (Line Drive, 7)
|
Batting: RHB Arlen Joysey
|
0-0: Ball 1-0: Foul Ball, location: 2F 1-1: Ball 2-1: Ball 3-1: Swinging Strike 3-2: Strikes out swinging
|
Top of the 10th over - 0 runs, 0 hits, 0 errors, 2 left on base; Northern Virginia 6 - Brooklyn 6 |
BOTTOM OF THE 10TH |
Brooklyn Dodgers batting - Pitching for Northern Virginia Rainbow Mermaids : RHP David Hudson
|
Pitching: RHP José Caballero
|
|
Now at 1B: Ju-chan Pak
|
|
Now at 2B: Bernardo Herrera
|
|
Now in RF: Ed Adams
|
|
Batting: RHB Gustavo Mateo
|
0-0: Ball 1-0: Foul Ball, location: 2F 1-1: Foul Ball, location: 2F 1-2: Foul Ball, location: 2F 1-2: Ball 2-2: Ball 3-2: Fly out, F8 (Line Drive, 8LD)
|
Batting: RHB Adrian Rodgers
|
0-0: Fly out, F8 (Flyball, 8LD)
|
Batting: RHB Gerald Clark
|
0-0: DOUBLE (Groundball, 5L)
|
Batting: RHB Vincent Crane
|
0-0: Swinging Strike 0-1: Swinging Strike 0-2: Ball 1-2: Strikes out swinging
|
Bottom of the 10th over - 0 runs, 1 hit, 0 errors, 1 left on base; Northern Virginia 6 - Brooklyn 6 |
TOP OF THE 11TH |
Northern Virginia Rainbow Mermaids batting - Pitching for Brooklyn Dodgers : LHP Sjaak Bonne
|
Batting: LHB Munemori Ohara
|
0-0: Ball 1-0: Called Strike 1-1: Foul Ball, location: 2F 1-2: Ball 2-2: Strikes out swinging
|
Batting: RHB Alfredo Pizarro
|
0-0: Ball 1-0: Ball 2-0: Foul Ball, location: 2F 2-1: Ball 3-1: Base on Balls
|
Batting: LHB Chia-ch'ing Dodman
|
0-0: Ball 1-0: Ball 2-0: Ground out 4-3 (Groundball, 34) Alfredo Pizarro to second
|
Batting: RHB Lionel McCloud
|
0-0: DOUBLE (Line Drive, 7D) Alfredo Pizarro scores
|
Batting: RHB Bernardo Herrera
|
0-0: Swinging Strike 0-1: Ball 1-1: Swinging Strike 1-2: Strikes out looking
|
Top of the 11th over - 1 run, 1 hit, 0 errors, 1 left on base; Northern Virginia 7 - Brooklyn 6 |
BOTTOM OF THE 11TH |
Brooklyn Dodgers batting - Pitching for Northern Virginia Rainbow Mermaids : RHP José Caballero
|
Batting: LHB Mysterious Walker
|
0-0: Ball 1-0: Swinging Strike 1-1: Ground out 1-3 (Groundball, 13)
|
Batting: RHB Oliver Aranda
|
0-0: Ball 1-0: Swinging Strike 1-1: Ball 2-1: Swinging Strike 2-2: Ball 3-2: Base on Balls
|
Batting: SHB Juan Rivas
|
0-0: Ball 1-0: Ball 2-0: Called Strike 2-1: Fielders Choice at 2nd, 5-4 (Groundball, 5)
|
Batting: LHB Avon Barksdale
|
0-0: Ball 1-0: Called Strike 1-1: Ball 2-1: Foul Ball, location: 2F 2-2: Foul Ball, location: 2F 2-2: Ball 3-2: Foul Ball, location: 2F 3-2: Base on Balls Juan Rivas to second
|
Batting: LHB Ki-tak Im
|
0-0: Called Strike 0-1: SINGLE (Line Drive, 89S) Juan Rivas to third Avon Barksdale to second Runner from 3rd tries for Home, SAFE, no throw
|
Pitching: RHP Christian Mustard
|
|
Batting: RHB Gustavo Mateo
|
0-0: Foul Ball, location: 2F 0-1: Ball 1-1: Foul Ball, location: 2F 1-2: Ball 2-2: Ball 3-2: SINGLE (Groundball, 6MD) Avon Barksdale to third Ki-tak Im to second Avon Barksdale scores
|
Tuesday, December 19th, 2017 - OOTP Baseball 18.8 Build 76
|
|